 Dungeon Crawl Stone Soup version 0.23.1 (webtiles) character file.

Game seed: 2921849958667249118

236 Gargoyl the Skirmisher (level 5, 0/46 HPs)
             Began as a Centaur Abyssal Knight on Mar 10, 2019.
             Was a Believer of Lugonu.
             Slain by Grinder (5 damage)
             ... while paralysed by Grinder
             ... on level 4 of the Dungeon.
             The game lasted 00:05:16 (3328 turns).

Gargoyl the Skirmisher (Centaur Abyssal Knight)     Turns: 3328, Time: 00:05:17

Health: 0/46       AC:  7    Str: 15    XL:     5   Next: 77%
Magic:  7/7        EV:  1    Int: 11    God:    Lugonu [**....]
Gold:   181        SH:  0    Dex:  9    Spells: 4/4 levels left

rFire    . . .     SeeInvis .   f - +3 falchion (venom)
rCold    . . .     Gourm    .   (no shield)
rNeg     . . .     Faith    .   m - +0 scale mail
rPois    .         Spirit   .   j - +1 hat
rElec    .         Reflect  .   (no cloak)
rCorr    .         Harm     .   (no gloves)
MR       .....                  (no barding)
Stlth    ..........             (no amulet)
HPRegen  0.15/turn              (no ring)
MPRegen  0.10/turn              (no ring)

@: paralysed, very quick
A: large, hooves 3, deformed body, speed 2, tough skin 3
a: Depart the Abyss, Bend Space, Renounce Religion


You were on level 4 of the Dungeon.
You worshipped Lugonu.
Lugonu was pleased with you.
You were near starving.

You visited 1 branch of the dungeon, and saw 4 of its levels.
You visited the Abyss 1 time.

You collected 181 gold pieces.

Inventory:

Hand Weapons
 a - a +1 hand axe
 f - a +3 falchion of venom (weapon)
 p - a +0 long sword of holy wrath
Armour
 j - a +1 hat (worn)
 m - a +0 scale mail (worn)
Scrolls
 h - a scroll of amnesia
 i - 5 scrolls of identify
 o - a scroll of random uselessness {unknown}
Potions
 b - 2 potions of curing
 d - a potion of experience
 e - a potion of invisibility {unknown}
 g - a potion of might {unknown}
 k - a potion of berserk rage {unknown}
 l - a potion of agility {unknown}
 n - a potion of mutation {unknown}
 q - a potion of brilliance {unknown}
 r - a potion of cancellation {unknown}
Comestibles
 c - 7 rations


   Skills:
 + Level 3.6 Fighting
 + Level 2.0 Long Blades
 + Level 1.8 Axes
 * Level 2.8 Armour
 * Level 1.5 Dodging
 * Level 3.3 Invocations


You had 4 spell levels left.
You didn't know any spells.
Your spell library contained the following spells:

 Spells                   Type           Power        Failure   Level  Hunger
 Animate Skeleton         Necr           N/A          80%         1    ##.....
 Apportation              Tloc           #.....       80%         1    ##.....
 Confusing Touch          Hex            #.....       80%         1    ##.....
 Summon Small Mammal      Summ           #...         80%         1    ##.....


Dungeon Overview and Level Annotations

Branches:
Dungeon (4/15)
 Temple: D:4-7

Altars:
Makhleb
Wu Jian
Xom
Zin

Annotations:
D:4 Grinder


Innate Abilities, Weirdness & Mutations

You have hooves in place of feet.
Armour fits poorly on your strangely shaped body.
You cover ground very quickly.
You have extremely tough skin. (AC +3)


Message History

Grinder gestures at you. Pain shoots through your body!
Grinder hits you but does no damage.
You hit Grinder.
Grinder is moderately wounded.
Grinder gestures at you.
You suddenly lose the ability to move!
Grinder hits you but does no damage. Grinder hits you.
You writhe in agony.
Grinder gestures at you. Pain shoots through your body!
* * * LOW HITPOINT WARNING * * *
Grinder hits you.
* * * LOW HITPOINT WARNING * * *
You writhe in agony.
* * * LOW HITPOINT WARNING * * *
Grinder hits you.
* * * LOW HITPOINT WARNING * * *
You writhe in agony.
You die...

........5....#
.............+..⌠.⌠
..####.##...###....###
######.########...#..#
..............#......+
..............#......#
............<.#......#Z...
..............#.5....#...
<.##...##)..###.@..# ..#
..##...##...###....###..####
...#................#.O.....
...#...........[....#.......
...#..........[.....#.......
...#................'.......
############################


You could see Grinder.

Vanquished Creatures
  An ogre (D:4)
  An orc wizard (D:3)
  2 adders
  2 oozes
  2 worms
  2 dart slugs
  3 leopard geckos
  8 orcs (D:3)
  A ball python (D:1)
  A giant cockroach (D:2)
  11 goblins
  3 hobgoblins
  2 jackals (D:1)
  2 quokkas
  10 bats
  4 frilled lizards
  A jackal skeleton (D:4)
  10 kobolds
  10 rats
76 creatures vanquished.

Notes
Turn   | Place    | Note
-------+----------+-------------------------------------------
     0 | Abyss:1  | Gargoyl the Centaur Abyssal Knight began the quest for the
                  | Orb.
     0 | Abyss:1  | Reached XP level 1. HP: 19/19 MP: 2/2
    70 | Abyss:2  | Noticed an ice devil
    85 | D:1      | Escaped the Abyss
   233 | D:1      | Reached * piety under Lugonu
   237 | D:1      | Reached XP level 2. HP: 14/26 MP: 3/3
   615 | D:1      | Reached skill level 1 in Dodging
   629 | D:1      | Reached XP level 3. HP: 30/31 MP: 4/4
  1101 | D:2      | Found a shimmering altar of Xom.
  1127 | D:2      | Found a shimmering altar of Xom.
  1133 | D:2      | Found a burning altar of Makhleb.
  1773 | D:2      | Found a glowing silver altar of Zin.
  1773 | D:2      | Found a shimmering altar of Xom.
  1775 | D:2      | Found an opulent altar of Gozag.
  1775 | D:2      | Found an ornate altar of the Wu Jian Council.
  1775 | D:2      | Found a burning altar of Makhleb.
  1782 | D:2      | Reached ** piety under Lugonu
  1871 | D:3      | Reached XP level 4. HP: 29/38 MP: 6/6
  1894 | D:3      | Reached skill level 1 in Long Blades
  2484 | D:3      | Reached XP level 5. HP: 39/45 MP: 7/7
  2962 | D:4      | Noticed an ogre
  2984 | D:4      | Killed an ogre
  3292 | D:4      | Noticed Grinder
  3306 | D:4      | Paralysed by Grinder for 5 turns
  3323 | D:4      | Paralysed by Grinder for 7 turns
  3328 | D:4      | Slain by Grinder

Skill      XL: |  1  2  3  4  5 |
---------------+----------------+-----
Dodging        | 1 |  1.5
Armour         | 2 |  2.8
Long Blades    | 1 2 |  2.0
Invocations    | 3 |  3.3
Fighting       | |  3.6
Axes           | |  1.8

Action                   |  1- 3 |  4- 6 || total
-------------------------+-------+-------++-------
Melee: Falchion          |   100 |    69 ||   169
       Kick              |    21 |    14 ||    35
Invok: Depart the Abyss  |     1 |       ||     1
  Use: Scroll            |     7 |     3 ||    10
       Potion            |       |     1 ||     1
  Eat: Chunk             |       |     4 ||     4
Armor: Leather armour    |    37 |       ||    37
       Scale mail        |    28 |    24 ||    52
Dodge: Dodged            |    53 |    33 ||    86
       Rpst.: Falchion   |    21 |    10 ||    31
